 Dungeon Crawl Stone Soup version 0.17.0-7-gfadd4cc (webtiles) character file.

182568 st0uf the Warrior (level 17, -3/158 HPs)
             Began as a Red Draconian Transmuter on Nov 8, 2015.
             Was the Champion of Cheibriados.
             Blown up by an orb spider (48 damage)
             ... with an orb of destruction
             ... on level 1 of the Spider Nest on Nov 9, 2015.
             The game lasted 05:07:33 (31561 turns).

st0uf the Warrior (Red Draconian Transmuter)       Turns: 31561, Time: 05:07:33

Health: -3/158     AC: 16    Str: 27    XL:     17   Next: 71%
Magic:  40/41      EV: 30    Int: 30    God:    Cheibriados [******]
Gold:   2248       SH: 10    Dex: 32    Spells: 10 memorised, 6 levels left

rFire  + + .     SeeInvis +       - Unarmed
rCold  + + +     Clarity  .     (armour unavailable)
rNeg   + + +     SustAt   .     f - +2 buckler
rPois  .         Gourm    .     T - +2 hat {SInv}
rElec  .         Spirit   .     (no cloak)
rCorr  .         Warding  .     (no gloves)
rMut   .         Stasis   +     O - +2 pair of boots {Fly}
MR     +....                    d - amulet "Tielen Agetu" {Stasis rC+++ rN++ Str-5}
Stlth  ++........               C - ring of Tyekhla {rF+ rN+ AC+2 Str+4}
                                Z - ring of magical power

@: flying, very slightly contaminated, very slow, somewhat resistant to hostile
enchantments, unstealthy
A: breathe fire, unfitting armour, claws 1, fire resistance 1, cold-blooded, AC
+9
a: Breathe Fire, Bend Time, Temporal Distortion, Slouch, Step From Time,
Renounce Religion, Stop Flying


You were on level 1 of the Spider Nest.
You worshipped Cheibriados.
Cheibriados was exalted by your worship.
You were not hungry.

You visited 5 branches of the dungeon, and saw 31 of its levels.
You visited the Abyss 1 time.
You also visited: Labyrinth, Ice Cave and Volcano.

You collected 4279 gold pieces.
You spent 2031 gold pieces at shops.

Inventory:

Missiles
 a - 618 arrows
Armour
 f - a +2 buckler (worn)
 j - a +0 shield of reflection
 O - a +2 pair of boots of flying (worn)
 T - a +2 hat of see invisible (worn)
Jewellery
 d - the amulet "Tielen Agetu" (around neck) {Stasis rC+++ rN++ Str-5}
   (You bought it in a shop on level 4 of the Orcish Mines)

   [amulet of stasis]

   It prevents you from being teleported, slowed, hasted or paralysed.
   It affects your strength (-5).
   It renders you almost immune to cold.
   It greatly protects you from negative energy.
 C - the ring of Tyekhla (right claw) {rF+ rN+ AC+2 Str+4}
   (You bought it in a shop on level 4 of the Orcish Mines)

   [ring of protection]

   It affects your AC (+2).
   It affects your strength (+4).
   It protects you from fire.
   It protects you from negative energy.
 H - the brooch of Shielding {Ward rN+ AC+4 EV+4}
   (You took it off a centaur on level 5 of the Dungeon)

   [amulet of warding]

   It may prevent the melee attacks of summoned creatures.
   It affects your AC (+4).
   It affects your evasion (+4).
   It protects you from negative energy.
 I - an uncursed amulet of guardian spirit
 N - an uncursed ring of teleportation
 S - the amulet of Piowet {Spirit rC+ rN+++ MP+9 Dex-3}
   (You took it off a deep elf annihilator on level 3 of the Elven Halls)

   [amulet of guardian spirit]

   It causes incoming damage to be split between your health and magic.
   It affects your dexterity (-3).
   It protects you from cold.
   It renders you almost immune to negative energy.
   It affects your magic capacity (+9).
 U - an uncursed ring of wizardry
 Z - a ring of magical power (left claw)
Wands
 L - a wand of digging (3)
Scrolls
 e - 9 scrolls of fog
 i - 4 scrolls of enchant armour
 l - 7 scrolls of blinking
 r - 4 scrolls of remove curse
 t - 13 scrolls of identify
 v - 8 scrolls of amnesia
 x - 6 scrolls of teleportation
 A - 3 scrolls of fear
 F - a scroll of summoning
 K - 6 scrolls of magic mapping
 R - 2 scrolls of enchant weapon
 Y - a scroll of brand weapon
Potions
 h - 4 potions of brilliance
 n - 17 potions of curing
 o - 7 potions of heal wounds
 q - 4 potions of cancellation
 s - 2 potions of cure mutation
 u - 7 potions of agility
 z - 5 potions of magic
 D - 4 potions of might
 W - 2 potions of invisibility
Books
 b - a book of Changes

   Spells                             Type                      Level
   a - Beastly Appendage              Transmutation                1
   b - Sticks to Snakes               Transmutation                2
   c - Spider Form                    Transmutation/Poison         3
   d - Ice Form                       Ice/Transmutation            4
   e - Blade Hands                    Transmutation                5
 g - a book of Fire

   Spells                             Type                      Level
   a - Ignite Poison                  Fire/Transmutation/Poison    3
   b - Fireball                       Conjuration/Fire             5
   c - Bolt of Fire                   Conjuration/Fire             6
   d - Delayed Fireball               Conjuration/Fire             7
   e - Ring of Flames                 Charms/Fire                  7
 k - a book of Debilitation

   Spells                             Type                      Level
   a - Corona                         Hexes                        1
   b - Slow                           Hexes                        2
   c - Gell's Gravitas                Hexes/Translocation          3
   d - Inner Flame                    Hexes/Fire                   3
   e - Cause Fear                     Hexes                        4
   f - Leda's Liquefaction            Hexes/Earth                  4
 p - an Akashic Record

   Spells                             Type                      Level
   a - Dispersal                      Translocation                6
   b - Malign Gateway                 Summoning/Translocation      7
   c - Disjunction                    Translocation                8
   d - Controlled Blink               Translocation                8
 y - a book of Clouds

   Spells                             Type                      Level
   a - Mephitic Cloud                 Conjuration/Poison/Air       3
   b - Conjure Flame                  Conjuration/Fire             3
   c - Poisonous Cloud                Conjuration/Poison/Air       6
   d - Freezing Cloud                 Conjuration/Ice/Air          6
   e - Ring of Flames                 Charms/Fire                  7
 E - the Incunabulum of the Rocks
   (You found it in a labyrinth)

   Spells                             Type                      Level
   a - Sandblast                      Earth                        1
   b - Stoneskin                      Transmutation/Earth          2
   c - Leda's Liquefaction            Hexes/Earth                  4
   d - Bolt of Magma                  Conjuration/Fire/Earth       5
   e - Lee's Rapid Deconstruction     Earth                        5
   f - Iron Shot                      Conjuration/Earth            6
   g - Statue Form                    Transmutation/Earth          6
   h - Shatter                        Earth                        9
 G - a book of Death

   Spells                             Type                      Level
   a - Corpse Rot                     Necromancy                   2
   b - Sublimation of Blood           Necromancy                   2
   c - Agony                          Necromancy                   5
   d - Dispel Undead                  Necromancy                   5
   e - Excruciating Wounds            Charms/Necromancy            5
   f - Bolt of Draining               Conjuration/Necromancy       5
 P - a book of Alchemy

   Spells                             Type                      Level
   a - Sublimation of Blood           Necromancy                   2
   b - Ignite Poison                  Fire/Transmutation/Poison    3
   c - Alistair's Intoxication        Transmutation/Poison         4
   d - Condensation Shield            Ice                          4
   e - Petrify                        Transmutation/Earth          4
   f - Irradiate                      Conjuration/Transmutation    5
 Q - a book of Maledictions

   Spells                             Type                      Level
   a - Corona                         Hexes                        1
   b - Ensorcelled Hibernation        Hexes/Ice                    2
   c - Confuse                        Hexes                        3
   d - Tukima's Dance                 Hexes                        3
   e - Dazzling Spray                 Conjuration/Hexes            3
 X - the Tome of Creative Translocation
   (You found it in a labyrinth)

   Spells                             Type                      Level
   a - Apportation                    Translocation                1
   b - Shroud of Golubria             Charms/Translocation         2
   c - Gell's Gravitas                Hexes/Translocation          3
   d - Recall                         Summoning/Translocation      3
   e - Teleport Other                 Translocation                3
   f - Passage of Golubria            Translocation                4
   g - Summon Forest                  Summoning/Translocation      5
   h - Phase Shift                    Translocation                5
Comestibles
 c - 20 bread rations
 m - 15 meat rations
 w - 6 beef jerkies
 B - 13 royal jellies
 J - 23 fruits
 M - 6 slices of pizza


   Skills:
 + Level 16.0 Fighting
 + Level 13.9 Dodging
 + Level 5.8 Shields
 + Level 15.3 Unarmed Combat
 - Level 11.0 Spellcasting
 + Level 2.4 Translocations
 - Level 10.4 Transmutations
 - Level 10.0 Earth Magic
 - Level 5.6 Invocations


You had 6 spell levels left.
You knew the following spells:

 Your Spells              Type           Power        Failure   Level  Hunger
a - Beastly Appendage     Trmt           ######       1%          1    None
b - Sticks to Snakes      Trmt           ######....   1%          2    None
c - Confusing Touch       Hex            ###...       6%          2    None
d - Blade Hands           Trmt           ######....   1%          5    ###....
e - Shroud of Golubria    Chrm/Tloc      ###.......   3%          2    None
f - Statue Form           Trmt/Erth      ######...    10%         6    #####..
g - Stoneskin             Trmt/Erth      ######..     1%          2    None
h - Passwall              Trmt/Erth      ######....   1%          3    None
i - Ice Form              Ice/Trmt       #####...     4%          4    None
j - Lee's Rapid Deconstr  Erth           ######....   1%          5    ###....


Dungeon Overview and Level Annotations

Branches:
Dungeon (15/15)            Temple (0/1) D:7            Lair (8/8) D:8
 Shoals (0/4) Lair:5       Spider (1/4) Lair:5        Slime (0/6) Lair:6
    Orc (4/4) D:11            Elf (3/3) Orc:3        Vaults (0/5) D:13
 Depths (0/5) D:15

Altars:
Ashenzari
Cheibriados
Elyvilon
Kikubaaqudgha
Makhleb
Nemelex Xobeh
Qazlal
Vehumet
Xom
Beogh

Shops:
D:4 [   D:6 ?   D:7 *   D:14 ?!:   Orc:4 =*[(   Elf:1 =

Annotations:
Lair:6 exclusion: 4 oklob plants


Innate Abilities, Weirdness & Mutations

You can breathe blasts of fire.
Your fiery red scales are hard (AC +9).
Your body does not fit into most forms of armour.
Your flesh is heat resistant.
You are cold-blooded and may be slowed by cold attacks.
You have sharp fingernails.


Message History

The orb spider weaves a glowing orb of energy.
The rock wall explodes into countless fragments.
The orb spider pulsates with a strange energy.
The orb spider weaves a glowing orb of energy.
The orb of destruction hits you!
* * * LOW HITPOINT WARNING * * *
Casting: Statue Form
Confirm with . or Enter, or press ? or * to list all spells.
Your claws begin to glow red.
The orb spider begins to weave its threads into a brightly glowing ball.
Casting: Confusing Touch
Confirm with . or Enter, or press ? or * to list all spells.
You miscast Shroud of Golubria.
You are very lightly contaminated with residual magic.
Your skin tingles.
You scratch the orb spider but do no damage.
Your claws stop glowing.
The orb spider weaves a glowing orb of energy.
The orb of destruction hits you!
You die...

. ........#. ##. #......#.
.## #.# ##........ ...#####
#.# #......#..
#..#..######.######....#...#
#.....##..s..........^...##
#...................^...##
#....s§###.#..######..##
#......§§@......# ####
#....#####......#
#...#.#####..####
#..#..§s....#.#
###..........#### ....
#............# #....
##.......†...# ..#....
###...........# .........
#...............# ...#.....


You could see an orb spider.

Vanquished Creatures
  3 deep elf blademasters (Elf:3)
  A deep elf master archer (Elf:3)
  Gastronok (Lair:1)
  A frost giant (IceCv)
  Donald (Elf:2)
  4 deep elf sorcerers (Elf:3)
  An orc warlord (Orc:4)
  The ghost of Britaniac the Nimble, a journeyman NaFi of Cheibriados (Orc:4)
  4 deep elf demonologists
  9 deep elf annihilators (Elf:3)
  A minotaur (Lab)
  5 deep elf death magi (Elf:3)
  A deep elf high priest (Elf:3)
  7 hydras
  Erolcha (D:8)
  An ogre mage (D:15)
  2 centaur warriors
  Erica (Lair:1)
  A catoblepas (Lair:3)
  The ghost of dadoka the Carver, a journeyman FoFi of Makhleb (D:14)
  17 dancing weapons
  8 death yaks
  An orc high priest (Orc:4)
  Nergalle (Lair:2)
  A fire crab (Lair:8)
  9 skeletal warriors
  12 deep elf knights
  4 unseen horrors
  2 small abominations
  A giant orange brain (D:15)
  16 deep elf summoners
  Pikel (D:7)
  A hill giant (shapeshifter) (Elf:1)
  A harpy (shapeshifter) (D:15)
  12 deep elf conjurers
  5 hill giants
  3 orc sorcerers
  4 orc knights
  3 griffons
  3 hornets
  A wolf spider (shapeshifter) (Elf:1)
  A wolf spider (Lair:8)
  An oklob plant (Lair:8)
  17 ugly things
  2 manticores
  A shining eye (shapeshifter) (D:15)
  9 black mambas
  3 elephants (Lair:8)
  5 cyclopes
  Maurice (Orc:1)
  A siren (Lair:5)
  2 torpor snails (Lair:6)
  An ice statue (IceCv)
  A guardian serpent (Lair:8)
  14 spiny frogs
  2 kobold demonologists (D:13)
  2 jumping spiders (Spider:1)
  A two-headed ogre (shapeshifter) (D:15)
  9 komodo dragons
  3 tengu conjurers
  17 polar bears (IceCv)
  4 fire drakes
  10 deep elf priests
  7 trolls
  Grinder (D:6)
  6 two-headed ogres
  Prince Ribbit (D:6)
  7 slime creatures
  A queen bee (Lair:6)
  3 shadows
  A wind drake (shapeshifter) (D:15)
  2 trapdoor spiders
  3 blink frogs (Lair:6)
  24 deep elf fighters
  32 deep elf magi
  A human (shapeshifter) (D:15)
  5 vampire mosquitoes
  5 wyverns
  14 fire bats
  33 wolves
  A basilisk (shapeshifter) (D:13)
  Grum (Lair:1)
  2 redbacks
  74 yaks
  4 basilisks
  3 hungry ghosts
  13 hippogriffs
  4 wargs
  A soldier ant (D:13)
  A warg (shapeshifter) (Elf:2)
  Edmund (D:6)
  4 insubstantial wisps (D:15)
  23 water moccasins
  Duvessa (D:5)
  40 orc warriors
  13 spiders
  13 porcupines
  2 necrophages
  6 ice beasts
  10 ogres
  A phantom (D:5)
  4 sky beasts
  3 wasps (Lair:8)
  A sky beast (shapeshifter) (D:15)
  3 black bears
  13 crocodiles
  An eye of draining (D:11)
  6 centaurs
  4 big kobolds
  Blork the orc (Orc:4)
  A brain worm (D:15)
  24 giant frogs
  A wyvern zombie (D:9)
  3 scorpions
  Dowan (D:5)
  15 wights
  32 killer bees
  A quasit (D:12)
  3 lava snakes (Volcano)
  3 electric eels
  3 centaur zombies
  2 giant frog zombies
  8 crimson imps
  7 hounds
  2 jellies
  29 orc wizards
  6 centaur skeletons
  7 iguanas
  30 orc priests
  17 worker ants
  12 sheep
  A hound zombie (D:8)
  A mummy (D:8)
  6 gnolls
  64 river rats
  10 adders
  9 shadow imps
  12 white imps (Orc:3)
  An adder zombie (D:5)
  An adder skeleton (D:4)
  2 worms (D:2)
  7 giant geckos
  151 orcs
  5 ball pythons
  3 bats
  3 giant cockroaches
  6 goblins
  3 hobgoblins
  7 jackals
  4 quokkas
  A giant gecko zombie (D:5)
  2 giant newts
  9 kobolds
  A quokka skeleton (D:5)
  28 rats
  A crawling corpse (Elf:3)
  7 fungi
  4 plants
1216 creatures vanquished.

Vanquished Creatures (collateral kills)
  A hydra (Lair:8)
  A komodo dragon (Lair:7)
  A brain worm (Lair:7)
  An adder (D:11)
  A fungus (Lair:7)
  A plant (Lair:7)
6 creatures vanquished.

Vanquished Creatures (others)
  A sky beast (D:7)
  2 wolves (IceCv)
  3 slaves (D:7)
  A phantom (D:7)
  A giant frog skeleton (D:7)
  A quasit (D:7)
  An orc priest (D:7)
  5 orcs (D:7)
  5 jackals (D:7)
  21 fungi
  2 plants (Lair:8)
43 creatures vanquished.

Grand Total: 1265 creatures vanquished

Notes
Turn   | Place    | Note
--------------------------------------------------------------
     0 | D:1      | st0uf the Draconian Transmuter began the quest for the Orb.
     0 | D:1      | Reached XP level 1. HP: 16/16 MP: 3/3
   255 | D:1      | Reached XP level 2. HP: 23/23 MP: 3/5
   421 | D:1      | Learned a level 2 spell: Sticks to Snakes
  1095 | D:2      | Reached XP level 3. HP: 17/28 MP: 4/6
  1309 | D:2      | Found a snail-covered altar of Cheibriados.
  1318 | D:2      | Became a worshipper of Cheibriados the Contemplative
  1686 | D:2      | Reached * piety under Cheibriados
  1758 | D:2      | Reached XP level 4. HP: 2/36 MP: 5/7
  2668 | D:4      | Reached XP level 5. HP: 33/41 MP: 3/9
  2773 | D:4      | Found Kubithoy's Antique Armour Emporium.
  2781 | D:4      | Noticed a giant frog
  2791 | D:4      | Killed a giant frog
  2791 | D:4      | Reached skill level 4 in Unarmed Combat
  2894 | D:4      | Reached ** piety under Cheibriados
  2894 | D:4      | Reached XP level 6. HP: 31/50 MP: 10/10
  3561 | D:5      | Entered Level 5 of the Dungeon
  3717 | D:5      | Your scales start taking on a fiery red colour.
  3717 | D:5      | Gained mutation: Your flesh is heat resistant. [Red Draconian growth]
  3717 | D:5      | Reached XP level 7. HP: 42/57 MP: 10/12
  4093 | D:5      | Noticed Dowan
  4095 | D:5      | Noticed Duvessa
  4126 | D:5      | Killed Dowan
  4126 | D:5      | Reached skill level 5 in Unarmed Combat
  4152 | D:5      | Killed Duvessa
  4424 | D:5      | Got a translucent lapis lazuli ring
  4446 | D:5      | Reached *** piety under Cheibriados
  5066 | D:6      | Reached XP level 8. HP: 60/67 MP: 12/14
  5073 | D:6      | Learned a level 2 spell: Confusing Touch
  5074 | D:6      | Noticed Grinder
  5114 | D:6      | Found Gaucrip's Magic Scroll Shop.
  5347 | D:6      | Bought a scroll of identify for 30 gold pieces
  5347 | D:6      | Bought a scroll of identify for 30 gold pieces
  5352 | D:6      | Reached skill level 6 in Fighting
  5352 | D:6      | Reached skill level 7 in Unarmed Combat
  5352 | D:6      | Reached skill level 8 in Transmutations
  5352 | D:6      | Reached XP level 9. HP: 72/78 MP: 14/20
  5359 | D:6      | Learned a level 5 spell: Blade Hands
  5369 | D:6      | Identified the ring "Coismioc" {*Confuse rC- EV+3 Str+3 Dex+10} (You found it on level 5 of the Dungeon)
  5630 | D:6      | Found a sparkling altar of Nemelex Xobeh.
  5698 | D:6      | Noticed Prince Ribbit
  5703 | D:6      | Killed Prince Ribbit
  5791 | D:6      | Noticed Edmund
  5801 | D:6      | Killed Edmund
  6104 | D:6      | Killed Grinder
  6110 | D:7      | Noticed Pikel
  6118 | D:7      | Killed Pikel
  6118 | D:7      | Reached **** piety under Cheibriados
  6457 | D:7      | Found a staircase to the Ecumenical Temple.
  6517 | D:7      | Reached XP level 10. HP: 86/86 MP: 19/21
  6581 | D:7      | Found Hiwnauwaets's Assorted Antiques.
  6585 | D:7      | Bought a pair of runed boots for 126 gold pieces
  6936 | D:8      | Found a shattered altar of Ashenzari.
  7019 | D:8      | Found a staircase to the Lair.
  7060 | D:8      | Noticed Erolcha
  7069 | D:8      | Killed Erolcha
  7103 | D:8      | Reached ***** piety under Cheibriados
  7415 | Lair:1   | Entered Level 1 of the Lair of Beasts
  7537 | D:7      | Bought 3 scrolls of identify for 168 gold pieces
  7666 | Lair:1   | Noticed a black mamba
  7673 | Lair:1   | Killed a black mamba
  7677 | Lair:1   | Reached skill level 9 in Transmutations
  7677 | Lair:1   | Reached XP level 11. HP: 81/94 MP: 18/23
  7704 | Lair:1   | Noticed Grum
  7712 | Lair:1   | Killed Grum
  8167 | Lair:1   | Noticed Erica
  8185 | Lair:1   | Killed Erica
  8198 | Lair:1   | Noticed Gastronok
  8211 | Lair:1   | Killed Gastronok
  8282 | Lair:1   | Reached ****** piety under Cheibriados
  8523 | Lair:1   | Noticed a six-headed hydra
  8544 | Lair:1   | Killed a six-headed hydra
  9215 | Lair:2   | Reached skill level 10 in Transmutations
  9215 | Lair:2   | Reached XP level 12. HP: 94/105 MP: 25/25
  9220 | Lair:2   | Noticed Nergalle
  9230 | Lair:2   | Killed Nergalle
  9941 | Lair:3   | Reached skill level 10 in Fighting
  9975 | Lair:3   | Reached skill level 10 in Unarmed Combat
 10835 | Lair:4   | Reached skill level 10 in Spellcasting
 11514 | Lair:5   | Found a hole to the Spider Nest.
 11558 | Lair:5   | HP: 1/108 [death yak (24)]
 11902 | Lair:5   | Reached XP level 13. HP: 114/114 MP: 22/27
 12018 | Lair:5   | Reached skill level 11 in Fighting
 12063 | Lair:5   | Found a staircase to the Shoals.
 12467 | Lair:6   | Found a staircase to the Slime Pits.
 12500 | Lair:6   | Found a snail-covered altar of Cheibriados.
 12567 | Lair:6   | Found a dark tunnel.
 12578 | Volcano  | Entered a volcano
 12672 | Volcano  | Reached skill level 10 in Dodging
 12682 | Volcano  | Found a radiant altar of Vehumet.
 12730 | Volcano  | Found a bloodstained altar of Trog.
 13012 | Lair:6   | Gained mutation: You have sharp fingernails. [potion of beneficial mutation]
 13216 | Lair:6   | You are sucked into a shaft for 2 floors!
 13216 | Lair:8   | Entered Level 8 of the Lair of Beasts
 13651 | Lair:8   | Reached skill level 1 in Invocations
 13761 | Lair:8   | Found a stormy altar of Qazlal.
 13799 | Lair:8   | Reached skill level 12 in Fighting
 14152 | Lair:8   | Reached XP level 14. HP: 126/126 MP: 23/29
 15596 | D:9      | Found a shimmering altar of Xom.
 15600 | D:9      | Found a stormy altar of Qazlal.
 15600 | D:9      | Found a burning altar of Makhleb.
 15603 | D:9      | Found an ancient bone altar of Kikubaaqudgha.
 15605 | D:9      | Found a white marble altar of Elyvilon.
 16048 | D:9      | Got a wavering platinum ring
 16049 | D:9      | Identified the ring "Nitz" {Ice Str+3} (You found it on level 9 of the Dungeon)
 16306 | D:10     | Entered Level 10 of the Dungeon
 16446 | D:10     | You are sucked into a shaft for 2 floors!
 16596 | D:12     | Found a labyrinth entrance.
 16601 | Lab      | Entered a labyrinth
 18437 | Lab      | Identified the Tome of Creative Translocation
 18458 | Lab      | Learned a level 2 spell: Shroud of Golubria
 18464 | Lab      | Identified the Incunabulum of the Rocks (You found it in a labyrinth)
 18474 | Lab      | Learned a level 6 spell: Statue Form
 18687 | D:12     | Reached skill level 1 in Earth Magic
 18975 | D:12     | Reached skill level 5 in Invocations
 19520 | D:13     | Found a gate to the Vaults.
 19899 | D:14     | Noticed dadoka's ghost (journeyman FoFi)
 19910 | D:13     | Reached skill level 13 in Fighting
 19936 | D:14     | Killed dadoka's ghost
 20037 | D:14     | Found Zafucajo's Distillery.
 20245 | D:14     | Found Woxuig's Magic Scroll Shoppe.
 20257 | D:14     | Reached XP level 15. HP: 135/135 MP: 26/30
 20269 | D:14     | Bought a scroll of identify for 22 gold pieces
 20269 | D:14     | Bought a scroll of identify for 22 gold pieces
 20542 | D:14     | Found Veewkid's Book Boutique.
 20555 | D:14     | Learned a level 2 spell: Stoneskin
 20559 | D:14     | Learned a level 3 spell: Passwall
 20595 | D:14     | Found a burning altar of Makhleb.
 20846 | D:15     | Entered Level 15 of the Dungeon
 20921 | D:15     | Found a staircase to the Depths.
 21019 | D:15     | Reached skill level 5 in Earth Magic
 21913 | D:11     | Found a roughly hewn altar of Beogh.
 21913 | D:11     | Found a staircase to the Orcish Mines.
 22404 | D:11     | Reached skill level 14 in Fighting
 23025 | Orc:1    | Entered Level 1 of the Orcish Mines
 23414 | Orc:3    | Found a staircase to the Elven Halls.
 23428 | Orc:3    | Found a frozen archway.
 23443 | IceCv    | Entered an ice cave
 23749 | IceCv    | Learned a level 4 spell: Ice Form
 24212 | IceCv    | Reached XP level 16. HP: 101/147 MP: 27/31
 25242 | Orc:4    | Entered Level 4 of the Orcish Mines
 25493 | Orc:4    | Paralysed by an orc sorcerer for 4 turns
 25501 | Orc:4    | Found a roughly hewn altar of Beogh.
 25735 | Orc:4    | Noticed Blork the orc
 25744 | Orc:4    | Killed Blork the orc
 25813 | Orc:4    | Found Plog's Antique Weapon Emporium.
 25831 | Orc:4    | Noticed Britaniac's ghost (journeyman NaFi)
 25835 | Orc:4    | Cast into the Abyss (Britaniac's ghost)
 25845 | Orc:4    | Escaped the Abyss
 25923 | Orc:4    | Killed Britaniac's ghost
 25979 | Orc:4    | Found Higoberu's Jewellery Emporium.
 25987 | Orc:4    | Bought the ring of Tyekhla {rF+ rN+ AC+2 Str+4} for 622 gold pieces
 26149 | Orc:4    | Found Dioweime's General Store.
 26247 | Orc:4    | Found Zucwuobe's Antique Armour Emporium.
 26455 | Orc:2    | Found a radiant altar of Vehumet.
 26628 | Orc:1    | Noticed Maurice
 26632 | Orc:1    | Killed Maurice
 26880 | Orc:4    | Bought the amulet "Tielen Agetu" {Stasis rC+++ rN++ Str-5} for 1011 gold pieces
 26967 | Elf:1    | Entered Level 1 of the Elven Halls
 27320 | Elf:1    | Identified the Guide on Companions
 27613 | Elf:1    | Found Faif's Jewellery Boutique.
 27710 | Elf:1    | Reached skill level 15 in Fighting
 28263 | Elf:2    | Noticed Donald
 28274 | Elf:2    | Killed Donald
 28495 | Elf:2    | Learned a level 5 spell: Lee's Rapid Deconstruction
 28559 | Elf:2    | Found a huge runed gate.
 28559 | Elf:2    | Found a huge runed gate.
 28559 | Elf:2    | Found a huge runed gate.
 28566 | Elf:2    | Reached skill level 1 in Shields
 28573 | Elf:2    | Found a huge runed gate.
 28573 | Elf:2    | Found a huge runed gate.
 29581 | Elf:3    | Entered Level 3 of the Elven Halls
 29701 | Elf:3    | Reached XP level 17. HP: 156/156 MP: 32/32
 29923 | Elf:3    | Noticed a deep elf blademaster
 29926 | Elf:3    | Noticed a deep elf blademaster
 29927 | Elf:3    | Killed a deep elf blademaster
 29941 | Elf:3    | Killed a deep elf blademaster
 29945 | Elf:3    | Noticed a deep elf blademaster
 29954 | Elf:3    | Killed a deep elf blademaster
 29960 | Elf:3    | Killed a ghostly deep elf blademaster
 29971 | Elf:3    | Reached skill level 15 in Unarmed Combat
 29988 | Elf:3    | Reached skill level 5 in Shields
 30475 | Elf:3    | Noticed a deep elf master archer
 30480 | Elf:3    | Killed a deep elf master archer
 30486 | Elf:3    | Reached skill level 10 in Earth Magic
 30500 | Elf:3    | Reached skill level 1 in Translocations
 30617 | Elf:3    | Identified a +4 rod of shadows (13/13) (You found it on level 3 of the Elven Halls)
 30669 | Elf:3    | Got a vibrating sapphire amulet
 30670 | Elf:3    | Identified the amulet of Piowet {Spirit rC+ rN+++ MP+9 Dex-3} (You took it off a deep elf annihilator on level 3 of the Elven Halls)
 30812 | Elf:3    | Reached skill level 16 in Fighting
 31127 | Lair:3   | Noticed a catoblepas
 31134 | Lair:3   | Killed a catoblepas
 31230 | Spider:1 | Entered Level 1 of the Spider Nest
 31561 | Spider:1 | Blown up by an orb spider

Action                   |  1- 3 |  4- 6 |  7- 9 | 10-12 | 13-15 | 16-18 || total
-------------------------+-------+-------+-------+-------+-------+-------++-------
Melee: Unarmed           |   149 |   131 |   158 |   488 |   992 |   595 ||  2513
 Cast: Beastly Appendage |    30 |    20 |    28 |    20 |    23 |     1 ||   122
       Sticks to Snakes  |       |     4 |       |    10 |    28 |       ||    42
       Blade Hands       |       |       |     7 |    45 |   137 |    36 ||   225
       Confusing Touch   |       |       |     2 |     6 |    30 |    10 ||    48
       Shroud of Golubri |       |       |       |       |     6 |    38 ||    44
       Ice Form          |       |       |       |       |     2 |       ||     2
       Stoneskin         |       |       |       |       |       |    26 ||    26
       Statue Form       |       |       |       |       |       |    25 ||    25
       Lee's Rapid Decon |       |       |       |       |       |     7 ||     7
Invok: Slouch            |       |       |       |       |     9 |     7 ||    16
 Abil: Breathe Fire      |       |       |     4 |       |       |       ||     4
       End Transformatio |       |       |       |       |     2 |     1 ||     3
Evoke: Wand              |       |       |       |       |     1 |       ||     1
  Use: Potion            |     1 |       |     6 |     2 |     1 |       ||    10
       Scroll            |       |     6 |     6 |    12 |    11 |     4 ||    39
 Stab: Sleeping          |       |     4 |     3 |    13 |    14 |     2 ||    36
       Confused          |       |       |     3 |     2 |    12 |     3 ||    20
       Distracted        |       |       |       |     1 |     4 |     2 ||     7
  Eat: Chunk             |     4 |     2 |     7 |    16 |    32 |    22 ||    83
       Pizza             |       |       |       |     1 |     3 |       ||     4
       Fruit             |       |       |       |       |       |     2 ||     2
